 Dungeon Crawl Stone Soup version 0.20.0-10-g0535bb4 (webtiles) character file.

121822 xgamer67 the Archer (level 16, -7/161 HPs)
             Began as a Centaur Chaos Knight on May 28, 2017.
             Was a High Priest of Lugonu.
             Killed from afar by a wizard (30 damage)
             ... with a fireball
             ... on level 14 of the Dungeon on June 4, 2017.
             The game lasted 01:33:06 (30087 turns).

xgamer67 the Archer (Centaur Chaos Knight)         Turns: 30087, Time: 01:33:07

Health: -7/161     AC: 18    Str: 13    XL:     16   Next: 33%
Magic:  0/31       EV: 15    Int: 11    God:    Lugonu [*****.]
Gold:   1944       SH:  0    Dex: 14    Spells: 11/15 levels left

rFire    . . .     SeeInvis +   b - +6 shortbow
rCold    . . .     Gourm    .   (shield currently unavailable)
rNeg     . . .     Faith    .   v - +5 robe of Night {Dark MR+ SInv}
rPois    .         Spirit   +   d - +0 hat {MR+}
rElec    +         Reflect  .   W - scarf {cloud immunity}
rCorr    .         Harm     .   K - +2 pair of gloves
MR       +++++                  (no barding)
Stlth    +.........             l - amulet of Ganasm {Spirit rElec MR+ MP+9 Dex-4}
Regen    0.4/turn               A - +2 ring of dexterity
MPRegen  0.3/turn               z - ring of protection from magic

@: very quick
A: hooves 3, horns 2, iridescent scales 1, rugged brown scales 1, deformed body,
speed 2, magic resistance 2, robust 1, shaggy fur 2, tough skin 3, weak 1
a: Depart the Abyss, Bend Space, Banish, Corrupt, Enter the Abyss, Renounce
Religion


You were on level 14 of the Dungeon.
You worshipped Lugonu.
Lugonu was extremely pleased with you.
You were not hungry.

You visited 2 branches of the dungeon, and saw 20 of its levels.
You visited the Abyss 1 time.
You also visited: Ice Cave.

You collected 1944 gold pieces.

Inventory:

Hand Weapons
 a - a +0 spear of flaming
 b - a +6 shortbow (weapon)
 c - a +0 blowgun
Missiles
 h - 294 arrows (quivered)
 o - a throwing net
 s - 7 curare-tipped needles
Armour
 d - a +0 hat of magic resistance (worn)
 v - the +5 robe of Night (worn) {Dark MR+ SInv}
   (You found it on level 5 of the Lair of Beasts)

   It affects your resistance to hostile enchantments.
   It lets you see invisible.
 K - a +2 pair of gloves (worn)
 W - a scarf of cloud immunity (worn)
Jewellery
 i - an uncursed ring of protection from cold
 l - the amulet of Ganasm (around neck) {Spirit rElec MR+ MP+9 Dex-4}
   (Xom gifted it to you on level 10 of the Dungeon)

   [amulet of guardian spirit]

   It causes incoming damage to be split between your health and magic.
   It affects your dexterity (-4).
   It insulates you from electricity.
   It affects your resistance to hostile enchantments.
   It affects your magic capacity (+9).
 q - an uncursed ring of flight
 y - an uncursed amulet of magic regeneration
 z - a ring of protection from magic (right hand)
 A - a +2 ring of dexterity (left hand)
 H - an uncursed amulet of the gourmand
 L - the amulet of Mistrust {Harm *Drain rElec rF+ Dex+2}
   (Xom gifted it to you on level 6 of the Dungeon)

   [amulet of harm]

   It increases damage dealt and taken.
   It affects your dexterity (+2).
   It protects you from fire.
   It insulates you from electricity.
   It causes draining when unequipped.
Wands
 w - a wand of confusion (18/48)
 x - a wand of clouds (3/9)
 D - a wand of polymorph (3/24)
 T - a wand of confusion (9/48)
 X - a wand of iceblast (0/15)
 Y - a wand of flame (15/48)
Scrolls
 e - 2 scrolls of magic mapping
 m - 4 scrolls of teleportation
 p - 2 scrolls of fog
 r - 3 scrolls of recharging
 F - 4 scrolls of blinking
 I - 2 scrolls of immolation
 J - 2 scrolls of summoning
 M - a scroll of fear
 R - 2 scrolls of identify
Potions
 f - 2 potions of agility
 t - 3 potions of resistance
 B - a potion of heal wounds
 C - 2 potions of ambrosia
 G - a potion of flight
 N - 2 potions of might
 O - 8 potions of curing
 Q - 2 potions of cancellation
 U - 2 potions of haste
Books
 k - a book of Changes

   Spells                             Type                      Level
   a - Beastly Appendage              Transmutation                1
   b - Sticks to Snakes               Transmutation                2
   c - Spider Form                    Transmutation/Poison         3
   d - Ice Form                       Ice/Transmutation            4
   e - Blade Hands                    Transmutation                5
 P - a book of Flames

   Spells                             Type                      Level
   a - Flame Tongue                   Conjuration/Fire             1
   b - Throw Flame                    Conjuration/Fire             2
   c - Conjure Flame                  Conjuration/Fire             3
   d - Inner Flame                    Hexes/Fire                   3
   e - Sticky Flame                   Conjuration/Fire             4
   f - Fireball                       Conjuration/Fire             5
 S - a book of the Earth

   Spells                             Type                      Level
   a - Leda's Liquefaction            Hexes/Earth                  4
   b - Bolt of Magma                  Conjuration/Fire/Earth       5
   c - Statue Form                    Transmutation/Earth          6
   d - Iron Shot                      Conjuration/Earth            6
   e - Shatter                        Earth                        9
Miscellaneous
 n - a fan of gales
Comestibles
 g - 24 fruits
 j - 12 meat rations
 u - 14 royal jellies
 E - 7 chunks of flesh
 V - 18 bread rations


   Skills:
 - Level 13.0 Fighting
 - Level 12.0 Polearms
 - Level 14.0 Bows
 + Level 9.0 Armour
 + Level 9.1 Dodging
 + Level 9.2 Invocations
 - Level 5.0 Evocations


You had 11 spell levels left.
You knew the following spells:

 Your Spells              Type           Power        Failure   Level  Hunger
a - Animate Skeleton      Necr           N/A          34%         1    ##.....
b - Apportation           Tloc           #.....       34%         1    ##.....
c - Confusing Touch       Hex            #.....       34%         1    ##.....
d - Summon Small Mammal   Summ           #...         34%         1    ##.....


Dungeon Overview and Level Annotations

Branches:
Dungeon (14/15)            Temple (0/1) D:6            Lair (6/6) D:9
  Swamp (0/4) Lair:2        Snake (0/4) Lair:3        Slime (0/5) Lair:6
    Orc (0/2) D:12
 Vaults: D:13-14

Altars:
Cheibriados
Elyvilon
Kikubaaqudgha
Qazlal
Sif Muna
Xom
Jiyva

Shops:
D:7 }

Annotations:
D:8 Erica
D:14 1 runed door


Innate Abilities, Weirdness & Mutations

You have hooves in place of feet.
Armour fits poorly on your strangely shaped body.
You cover ground very quickly.
You have extremely tough skin. (AC +3)
You have a pair of horns on your head.
You are partially covered in iridescent scales. (AC +2)
You are partially covered in rugged brown scales. (AC +1, +3% HP)
You are highly resistant to hostile enchantments. (MR++)
You are robust. (+10% HP)
You are covered in thick fur. (AC +2)
You are weak. (Str -2)


Message History

Firing (i - inventory. (,) - cycle):
h - 297 arrows (quivered)
Press: ? - help, Shift-Dir - straight line, f/p - wizard
Aim: a wizard, wielding a dagger and wearing a robe (heavily wounded)
You shoot an arrow. The arrow barely misses the wizard.
Firing (i - inventory. (,) - cycle):
h - 296 arrows (quivered)
Press: ? - help, Shift-Dir - straight line, f/p - wizard
Aim: a wizard, wielding a dagger and wearing a robe (heavily wounded)
You shoot an arrow. The arrow hits the wizard.
The wizard is heavily wounded.
Firing (i - inventory. (,) - cycle):
h - 295 arrows (quivered)
Press: ? - help, Shift-Dir - straight line, f/p - wizard
Aim: a wizard, wielding a dagger and wearing a robe (heavily wounded)
You shoot an arrow. The arrow hits the wizard!
The wizard is almost dead.
The wizard gestures at you while chanting.
The fireball explodes!
The fireball engulfs you!
* * * LOW HITPOINT WARNING * * *
The wizard gestures at you while chanting.
The fireball explodes!
The fireball engulfs you!
You die...

...>.................#
.....................#
####################.#
#.# #.# #.# #.#
####################.#
................@..(.#
...................(.#
....################p#
###.# #(# #.# #(#
#.################(#
#.................(#
+##................(.#
.8..###############..#


You could see a wizard.

Vanquished Creatures
  Rupert (D:12)
  Gastronok (D:8)
  The ghost of ad3pt the Geomancer, a journeyman GrEE of Vehumet (Lair:3)
  A great orb of eyes (D:13)
  2 vault guards (D:14)
  7 hydras
  An ice dragon (IceCv)
  4 centaur warriors
  4 two-headed ogres
  Urug (Lair:5)
  2 skeletal warriors (D:12)
  A lindwurm (Lair:6)
  A wolf spider zombie (D:13)
  10 deep elf magi
  4 ugly things
  3 oklob plants
  A cyclops (D:11)
  4 manticores
  The ghost of Vajrapani the Slicer, a novice KoAs of Uskayaw (D:6)
  An elephant (Lair:4)
  A centaur zombie (D:14)
  2 ice statues (IceCv)
  A gargoyle (D:14)
  5 black mambas
  7 spiny frogs
  2 kobold demonologists
  A rime drake (Lair:2)
  12 komodo dragons
  An efreet (D:11)
  A tengu conjurer (D:14)
  A meliai (Lair:4)
  6 polar bears
  A queen bee (D:11)
  3 trolls
  3 hornets
  8 hippogriffs
  17 blink frogs
  8 dream sheep (Lair:6)
  7 slime creatures
  13 spriggans
  2 wyverns
  37 yaks
  A wraith (D:12)
  A water elemental (D:13)
  A vampire (D:11)
  2 basilisks (Lair:3)
  5 hungry ghosts
  3 wargs (D:12)
  4 vampire mosquitoes (Lair:2)
  29 water moccasins
  2 acid dragons
  14 porcupines
  8 ice beasts
  5 sky beasts
  5 boggarts (Lair:6)
  7 orc warriors
  3 black bears
  3 phantoms
  2 necrophages
  5 ogres
  2 eyes of draining
  14 wolves (Lair:6)
  19 centaurs
  5 crocodiles
  6 big kobolds
  19 bullfrogs
  Blork the orc (D:4)
  A gnoll sergeant (D:10)
  A wyvern skeleton (D:7)
  4 scorpions
  31 killer bees (D:11)
  16 wights
  6 electric eels
  2 howler monkeys (D:6)
  3 crimson imps
  A quasit (D:11)
  3 bullfrog skeletons
  A bullfrog zombie (D:5)
  5 hounds
  4 jellies
  9 orc priests
  2 centaur skeletons
  23 orc wizards
  Jessica (D:2)
  3 iguanas
  2 hell rats (Lair:1)
  17 worker ants
  A hound zombie (D:6)
  3 hound skeletons
  A worker ant zombie (D:11)
  A howler monkey zombie (D:7)
  22 gnolls
  17 adders
  9 river rats (Lair:1)
  4 shadow imps
  4 oozes
  An adder skeleton (D:8)
  An adder zombie (D:8)
  3 worms
  A dart slug (D:1)
  7 leopard geckos
  38 orcs
  2 bat skeletons (D:4)
  2 bat zombies (D:4)
  6 giant cockroaches
  2 goblins
  12 hobgoblins
  26 jackals
  6 quokkas
  2 ball pythons
  6 bats
  10 frilled lizards
  36 kobolds
  14 rats
  A bush (Lair:3)
729 creatures vanquished.

Vanquished Creatures (collateral kills)
  2 two-headed ogres
  Pikel (D:4)
  The ghost of no0bjke the Skirmisher, a novice GrFi of Okawaru (D:5)
  A blink frog (Lair:4)
  Sigmund (D:6)
  9 yaks
  An ogre (D:4)
  A crocodile (D:11)
  A scorpion (D:4)
  4 killer bees (D:11)
  A crimson imp (D:5)
  A quasit (D:10)
  A hound (D:4)
  2 orc wizards (D:4)
  An orc priest (D:4)
  A bullfrog skeleton (D:11)
  An adder (Lair:3)
  2 orcs
32 creatures vanquished.

Vanquished Creatures (others)
  A warg (D:12)
  An orc warrior (D:4)
  2 centaurs
  2 vampire bats (D:4)
  2 orc priests
  A hound (D:4)
  3 orc wizards
  2 bat skeletons (D:4)
  A bat zombie (D:4)
  A jackal (D:4)
  28 fungi
  11 plants
55 creatures vanquished.

Grand Total: 816 creatures vanquished

Notes
Turn   | Place    | Note
-------+----------+-------------------------------------------
     0 | D:1      | xgamer67 the Centaur Chaos Knight began the quest for the Orb.
     0 | D:1      | Reached XP level 1. HP: 19/19 MP: 1/1
   170 | D:1      | Reached XP level 2. HP: 26/26 MP: 2/2
   320 | D:1      | XOM: divination: detect creatures
   357 | D:1      | XOM: cloud trail
   483 | D:1      | XOM: polymorph goblin -> ooze
   629 | D:2      | Reached XP level 3. HP: 31/31 MP: 3/3
  1024 | D:2      | XOM is BORED!
  1025 | D:2      | Learned a level 1 spell: Animate Skeleton
  1027 | D:2      | Learned a level 1 spell: Apportation
  1096 | D:2      | Noticed Jessica
  1169 | D:4      | Noticed a slave
  1169 | D:4      | Noticed a slave
  1169 | D:4      | Noticed an orc warrior
  1171 | D:4      | Noticed Pikel
  1171 | D:4      | Noticed a slave
  1171 | D:4      | Noticed a slave
  1515 | D:2      | XOM: give mutations
  1515 | D:2      | Gained mutation: You are robust. (+10% HP) [Xom's grace]
  1515 | D:2      | Gained mutation: You evolve. [Xom's grace]
  1515 | D:2      | Gained mutation: Your system is resistant to poisons. (rPois) [Xom's grace]
  1615 | D:2      | Reached XP level 4. HP: 41/41 MP: 4/4
  1755 | D:2      | XOM: give mutations
  1755 | D:2      | Gained mutation: Your mind is acute. (Int +2) [Xom's grace]
  1755 | D:2      | Gained mutation: You possess an exceptional clarity of mind. [Xom's grace]
  1755 | D:2      | Gained mutation: You are covered in fur. (AC +1) [Xom's grace]
  1755 | D:2      | Gained mutation: You have a pair of small horns on your head. [Xom's grace]
  1818 | D:2      | Killed Jessica
  1818 | D:2      | Reached skill level 5 in Polearms
  1927 | D:3      | XOM: give mutations
  1927 | D:3      | Gained mutation: You have a pair of horns on your head. [Xom's grace]
  1927 | D:3      | Gained mutation: Your spells are a little harder to cast, but a little more powerful. [Xom's grace]
  1927 | D:3      | Gained mutation: You have supernaturally acute eyesight. (SInv) [Xom's grace]
  2000 | D:2      | XOM: scenery: create altars
  2068 | D:3      | XOM: fog
  2085 | D:3      | Reached XP level 5. HP: 26/49 MP: 5/5
  2407 | D:3      | XOM: 8-stop teleportation journey
  2573 | D:3      | XOM: scenery: create altars
  2604 | D:3      | Reached XP level 6. HP: 34/56 MP: 6/6
  2635 | D:3      | XOM: give mutations
  2635 | D:3      | Gained mutation: You are very robust. (+20% HP) [Xom's grace]
  2635 | D:3      | Gained mutation: You are partially covered in iridescent scales. (AC +2) [Xom's grace]
  2635 | D:3      | Gained mutation: You are extremely robust. (+30% HP) [Xom's grace]
  2635 | D:3      | Gained mutation: You are resistant to hostile enchantments. (MR+) [Xom's grace]
  2858 | D:3      | XOM: 1-stop teleportation journey
  2896 | D:3      | Gained mutation: You are partially covered in rugged brown scales. (AC +1, +3% HP) [evolution]
  3028 | D:3      | XOM: god gift: scroll labeled AGIQIA BUOMAUT {god gift}
  3182 | D:3      | XOM: give mutations
  3182 | D:3      | Gained mutation: You have a somewhat thin skeletal structure. (Dex +2, Stealth) [Xom's grace]
  3182 | D:3      | Gained mutation: You passively map a small area around you. [Xom's grace]
  3244 | D:3      | XOM: scenery: create altars
  3341 | D:4      | XOM: fake destruction
  3392 | D:4      | XOM: cast spell 'Summon Dragon'
  3542 | D:4      | Reached XP level 7. HP: 75/75 MP: 7/7
  3613 | D:4      | Killed Pikel
  3744 | D:4      | XOM: 4-stop teleportation journey
  3929 | D:4      | XOM: mild Tmut miscast
  3979 | D:4      | XOM: 1-stop teleportation journey
  4007 | D:4      | Found an ancient bone altar of Kikubaaqudgha.
  4106 | D:4      | Noticed Blork the orc
  4128 | D:5      | Entered Level 5 of the Dungeon
  4230 | D:5      | XOM: give mutations
  4230 | D:5      | Gained mutation: You are highly resistant to hostile enchantments. (MR++) [Xom's grace]
  4230 | D:5      | Gained mutation: Your flesh is heat resistant. (rF+) [Xom's grace]
  4230 | D:5      | Gained mutation: You have a pair of large horns on your head. [Xom's grace]
  4230 | D:5      | Gained mutation: You are agile. (Dex +2) [Xom's grace]
  4273 | D:5      | Noticed no0bjke's ghost (novice GrFi)
  4278 | D:5      | XOM: summons 7 friendly demons
  4291 | D:5      | Killed no0bjke's ghost
  4291 | D:5      | Reached XP level 8. HP: 83/83 MP: 8/8
  4320 | D:5      | Learned a level 1 spell: Confusing Touch
  4322 | D:5      | Learned a level 1 spell: Summon Small Mammal
  4434 | D:5      | XOM: potion effect (invisibility)
  4446 | D:5      | XOM: god gift: 330 gold pieces
  4492 | D:5      | Found a white marble altar of Elyvilon.
  4820 | D:5      | Found a deep blue altar of Sif Muna.
  4934 | D:6      | XOM: destruction
  4936 | D:6      | XOM: god gift: sparkling ruby amulet {god gift}
  4937 | D:6      | Got a sparkling ruby amulet {god gift}
  4939 | D:6      | Identified the amulet of Mistrust {Harm *Drain rElec rF+ Dex+2} (Xom gifted it to you on level 6 of the Dungeon)
  4950 | D:6      | XOM: polymorph orc warrior -> howler monkey
  5059 | D:6      | Found a snail-covered altar of Cheibriados.
  5104 | D:6      | XOM: silly message
  5108 | D:6      | XOM: mild Chrm miscast
  5198 | D:6      | Reached skill level 5 in Fighting
  5224 | D:6      | XOM: 4-stop teleportation journey
  5284 | D:6      | Noticed Sigmund
  5289 | D:6      | XOM: divination: detect creatures
  5290 | D:6      | XOM: divination: detect creatures
  5300 | D:6      | XOM: summons 8 friendly demons
  5320 | D:6      | Killed Sigmund
  5395 | D:6      | Noticed Vajrapani's ghost (novice KoAs)
  5402 | D:6      | XOM: cleaving
  5465 | D:6      | Killed Vajrapani's ghost
  5465 | D:6      | Reached XP level 9. HP: 107/107 MP: 9/9
  5605 | D:6      | Found a staircase to the Ecumenical Temple.
  5680 | D:7      | XOM: give mutations
  5680 | D:7      | Lost mutation: You evolve. [Xom's grace]
  5680 | D:7      | Gained mutation: You are somewhat resistant to further mutation. [Xom's grace]
  5680 | D:7      | Gained mutation: Your flesh is cold resistant. (rC+) [Xom's grace]
  5680 | D:7      | Gained mutation: You are somewhat resistant to both further mutation and mutation removal. [Xom's grace]
  5680 | D:7      | Gained mutation: You are covered in thick fur. (AC +2) [Xom's grace]
  5699 | D:7      | Reached skill level 1 in Evocations
  5745 | D:7      | XOM: severe Hex miscast
  5799 | D:7      | XOM: summons 4 hostile demons
  5956 | D:7      | Found Beniereg's Gadget Boutique.
  6115 | D:8      | XOM: destruction
  6126 | D:8      | XOM: polymorph iguana -> ooze
  6130 | D:8      | XOM: summons friendly white imp
  6427 | D:8      | XOM: summons friendly quasit
  6430 | D:8      | Reached skill level 10 in Polearms
  6708 | D:8      | Noticed Erica
  6880 | D:9      | XOM: scenery: create altars
  6956 | D:9      | XOM: cleaving
  6975 | D:9      | Reached XP level 10. HP: 83/117 MP: 13/13
  7115 | D:9      | Reached skill level 5 in Evocations
  7202 | D:9      | Found a staircase to the Lair.
  7256 | D:9      | XOM: swap monsters
  7262 | D:9      | XOM: swap monsters
  7327 | D:8      | Found a stormy altar of Qazlal.
  7358 | D:8      | Noticed Gastronok
  7363 | D:8      | XOM: enchant monster (bad)
  7554 | D:4      | Killed Blork the orc
  7879 | Lair:1   | Entered Level 1 of the Lair of Beasts
  7880 | Lair:1   | XOM: give mutation
  7880 | Lair:1   | Lost mutation: Your system is resistant to poisons. (rPois) [Xom's mischief]
  7899 | D:10     | Entered Level 10 of the Dungeon
  7911 | D:10     | XOM: swap monsters
  7944 | D:10     | Noticed a two-headed ogre
  7955 | D:10     | XOM: enchant monster (good)
  7981 | D:10     | XOM: mild Erth miscast
  8012 | D:10     | XOM: silly message
  8024 | D:10     | XOM: noise
  8025 | D:10     | XOM: scenery: create altars
  8035 | D:10     | XOM: cast spell 'Olgreb's Toxic Radiance'
  8042 | D:10     | XOM: cast spell 'Summon Dragon'
  8044 | D:10     | Killed a two-headed ogre
  8249 | D:10     | Reached skill level 1 in Bows
  8257 | D:10     | Reached skill level 2 in Bows
  8273 | D:10     | XOM: 1-stop teleportation journey
  8310 | D:10     | Reached skill level 3 in Bows
  8374 | D:10     | XOM: scenery: 2 doors close
  8452 | D:10     | Reached skill level 4 in Bows
  8510 | D:10     | XOM: cloud trail
  8522 | D:10     | XOM: god gift: vibrating sapphire amulet {god gift}
  8524 | D:10     | Got a vibrating sapphire amulet {god gift}
  8526 | D:10     | Identified the amulet of Ganasm {Spirit rElec MR+ MP+9 Dex-4} (Xom gifted it to you on level 10 of the Dungeon)
  8563 | D:10     | XOM: summons 3 friendly demons
  8849 | D:10     | Noticed a two-headed ogre
  8868 | D:10     | XOM: smoke on damage
  8881 | D:10     | XOM: confuse monster(s)
  8891 | D:10     | Killed a two-headed ogre
  8891 | D:10     | Reached skill level 6 in Bows
  9061 | D:10     | XOM: god gift: 14 stones
  9317 | D:11     | Reached skill level 7 in Bows
  9319 | D:11     | Reached XP level 11. HP: 104/125 MP: 14/14
  9592 | D:11     | Noticed a white ugly thing
  9828 | D:12     | Noticed a deep elf mage
  9829 | D:12     | Noticed a deep elf mage
  9829 | D:12     | Noticed a deep elf mage
  9829 | D:12     | Noticed a deep elf mage
  9829 | D:12     | Noticed a deep elf mage
  9829 | D:12     | Noticed a deep elf mage
  9830 | D:12     | Noticed a deep elf mage
  9837 | D:12     | Noticed a deep elf mage
  9844 | D:12     | Noticed Rupert
  9845 | D:12     | Found a staircase to the Orcish Mines.
  9859 | D:13     | XOM: repel stairs
  9860 | D:13     | Noticed a great orb of eyes
  9860 | D:13     | a slime creature changed into a great orb of eyes
  9860 | D:13     | XOM: polymorph slime creature -> great orb of eyes
  9862 | D:13     | Noticed a deep elf mage
  9862 | D:13     | Noticed a two-headed ogre
  9866 | D:13     | XOM: destruction
  9870 | D:13     | Killed a deep elf mage
  9870 | D:13     | Reached skill level 8 in Bows
  9878 | D:13     | XOM: scenery: 2 doors open
  9879 | D:13     | Noticed a four-headed hydra
  9880 | D:13     | XOM: scenery: create altars
  9886 | D:13     | XOM: destruction
  9939 | D:13     | XOM: mild Pois miscast
 10028 | D:13     | XOM: summons 2 hostile demons
 10089 | D:13     | Reached skill level 9 in Bows
 10426 | D:12     | Reached skill level 10 in Bows
 10456 | D:12     | Killed a deep elf mage
 10469 | D:12     | XOM: 2-stop teleportation journey
 10524 | D:12     | XOM: destruction
 10723 | D:12     | Killed a deep elf mage
 10723 | D:12     | Reached skill level 11 in Bows
 10747 | D:12     | XOM: blink monster(s)
 10754 | D:12     | XOM: potion effect (invisibility)
 10784 | D:12     | XOM: harmless Air miscast
 10880 | D:13     | XOM: harmless Chrm miscast
 10904 | D:13     | XOM: potion effect (curing)
 11121 | D:11     | XOM: confuse monster(s)
 11147 | D:11     | Reached skill level 12 in Bows
 11301 | D:11     | Killed a white ugly thing
 11334 | D:11     | XOM: potion effect (heal wounds)
 11340 | D:11     | XOM: fake destruction
 11400 | D:11     | XOM: cast spell 'Summon Dragon'
 11527 | D:11     | Reached skill level 13 in Bows
 11538 | D:11     | Noticed a two-headed ogre
 11561 | D:11     | Killed a two-headed ogre
 11852 | D:11     | XOM: cloud trail
 11934 | D:11     | XOM: potion effect (invisibility)
 11946 | D:11     | XOM: fake destruction
 12270 | Lair:1   | Noticed a seven-headed hydra
 12275 | Lair:1   | XOM: divination: magic mapping
 12292 | Lair:1   | XOM: summons friendly ufetubus
 12299 | Lair:1   | XOM: divination: magic mapping
 12306 | Lair:1   | XOM: potion effect (berserk rage)
 12308 | Lair:1   | XOM: confuse monster(s)
 12312 | Lair:1   | Killed a seven-headed hydra
 12334 | Lair:1   | XOM: mild Tloc miscast
 12407 | Lair:1   | Reached skill level 14 in Bows
 12429 | Lair:1   | XOM: divination: detect items
 12434 | Lair:1   | Reached skill level 1 in Dodging
 12448 | Lair:1   | Reached XP level 12. HP: 94/134 MP: 15/15
 12463 | Lair:1   | Upgraded the game from 0.20.0-6-gd3061e9 to 0.20.0-7-g3b7b877
 12896 | Lair:1   | XOM: cloud trail
 13104 | Lair:1   | XOM: potion effect (brilliance)
 13182 | Lair:1   | XOM: mild Tloc miscast
 13257 | Lair:1   | XOM: noise
 13523 | Lair:1   | XOM: smoke on damage
 13627 | Lair:1   | XOM: harmless Fire miscast
 13631 | Lair:1   | XOM: harmless Tloc miscast
 13726 | Lair:1   | XOM: mild Ice miscast
 13897 | Lair:2   | XOM: potion effect (curing)
 13983 | Lair:2   | XOM: potion effect (heal wounds)
 14189 | Lair:2   | XOM: harmless Hex miscast
 14359 | Lair:2   | Found a staircase to the Swamp.
 14383 | Lair:2   | XOM is BORED!
 14383 | Lair:2   | XOM: harmless Chrm miscast
 14594 | Lair:2   | XOM: divination: magic mapping
 14887 | Lair:2   | XOM: harmless Hex miscast
 14895 | Lair:2   | XOM: divination: detect items
 14954 | Lair:3   | XOM: potion effect (brilliance)
 15017 | Lair:3   | Found a frozen archway.
 15020 | Lair:3   | XOM: give mutation
 15020 | Lair:3   | Gained mutation: Your muscles are strong. (Str +2) [Xom's grace]
 15026 | IceCv    | Entered an ice cave
 15030 | IceCv    | XOM: cast spell 'Dispersal'
 15085 | IceCv    | Found a transporter.
 15103 | IceCv    | XOM is BORED!
 15103 | IceCv    | XOM: medium Tloc miscast
 15120 | IceCv    | Reached skill level 10 in Fighting
 15120 | IceCv    | Reached skill level 5 in Armour
 15120 | IceCv    | Reached XP level 13. HP: 142/150 MP: 16/16
 15164 | IceCv    | XOM: polymorph white ugly thing -> ice dragon
 15171 | IceCv    | XOM: enchant monster (good)
 15185 | IceCv    | XOM: scenery: create altars
 15188 | IceCv    | XOM: confuse monster(s)
 15194 | IceCv    | XOM: divination: magic mapping
 15198 | IceCv    | XOM: cast spell 'Discord'
 15210 | IceCv    | Reached skill level 5 in Dodging
 15457 | Lair:3   | Noticed ad3pt's ghost (journeyman GrEE)
 15488 | Lair:3   | XOM: divination: detect creatures
 15490 | Lair:3   | XOM: summons friendly ufetubus
 15501 | Lair:3   | XOM: destruction
 15503 | Lair:3   | XOM: summons 2 friendly demons
 15510 | Lair:3   | XOM: divination: detect creatures
 15516 | Lair:3   | XOM: summons 5 friendly demons
 15528 | Lair:3   | XOM: summons friendly white imp
 15534 | Lair:3   | XOM: divination: magic mapping
 15540 | Lair:3   | XOM: noise
 15593 | Lair:3   | Found a staircase to the Snake Pit.
 15711 | Lair:3   | XOM: blink monster(s)
 15848 | Lair:3   | XOM: noise
 15852 | Lair:3   | XOM: harmless Erth miscast
 15878 | Lair:3   | XOM: enchant monster (bad)
 15900 | Lair:3   | XOM: god gift: royal jelly
 15919 | Lair:3   | XOM: mild Tmut miscast
 15925 | Lair:3   | XOM: confuse monster(s)
 16089 | Lair:2   | XOM: medium Ice miscast
 16129 | Lair:3   | XOM: cloud trail
 16197 | Lair:3   | XOM: god gift: 11 gold pieces
 16319 | Lair:3   | XOM: medium Conj miscast
 16548 | Lair:3   | XOM: stat loss: -1 Str (16/17)
 16685 | Lair:3   | XOM: summons 6 hostile demons
 16703 | Lair:3   | XOM: destruction
 16708 | Lair:3   | XOM: polymorph soul eater -> sun demon
 16733 | Lair:4   | XOM is BORED!
 16733 | Lair:4   | XOM: 4-stop teleportation journey
 16738 | Lair:4   | XOM: swap monsters
 16743 | Lair:4   | XOM: summons 2 friendly demons
 16746 | Lair:4   | XOM: summons 6 friendly demons
 17114 | Lair:4   | XOM: give mutation
 17114 | Lair:4   | Lost mutation: You are somewhat resistant to both further mutation and mutation removal. [Xom's grace]
 17114 | Lair:4   | Lost mutation: You are somewhat resistant to further mutation. [Xom's grace]
 17114 | Lair:4   | Gained mutation: You evolve. [Xom's grace]
 17134 | Lair:4   | XOM: confuse monster(s)
 17150 | Lair:4   | XOM: polymorph rime drake -> meliai
 17224 | Lair:4   | XOM: give mutations
 17224 | Lair:4   | Lost mutation: Your muscles are strong. (Str +2) [Xom's mischief]
 17224 | Lair:4   | Lost mutation: You are agile. (Dex +2) [Xom's mischief]
 17224 | Lair:4   | Lost mutation: You passively map a small area around you. [Xom's mischief]
 17235 | Lair:4   | XOM: give mutations
 17235 | Lair:4   | Lost mutation: Your spells are a little harder to cast, but a little more powerful. [Xom's mischief]
 17235 | Lair:4   | Lost mutation: You are extremely robust. (+30% HP) [Xom's mischief]
 17235 | Lair:4   | Lost mutation: Your mind is acute. (Int +2) [Xom's mischief]
 17433 | Lair:4   | XOM: noise
 17459 | Lair:4   | XOM: noise
 17489 | Lair:4   | XOM: noise
 18019 | Lair:4   | XOM: give mutations
 18019 | Lair:4   | Lost mutation: You possess an exceptional clarity of mind. [Xom's mischief]
 18019 | Lair:4   | Lost mutation: Your flesh is heat resistant. (rF+) [Xom's mischief]
 18019 | Lair:4   | Lost mutation: You have a pair of large horns on your head. [Xom's mischief]
 18019 | Lair:4   | Lost mutation: You have a somewhat thin skeletal structure. (Dex +2, Stealth) [Xom's mischief]
 18048 | Lair:5   | XOM: confusion (+ monsters)
 18210 | Lair:5   | Reached XP level 14. HP: 143/152 MP: 17/17
 18214 | Lair:5   | Noticed Urug
 18215 | Lair:5   | XOM: torment (83/152 hp)
 18233 | Lair:5   | Gained mutation: You have a pair of large horns on your head. [evolution]
 18240 | Lair:5   | XOM: repel stairs
 18303 | Lair:4   | Cast into level 2 of the Abyss (Xom)
 18376 | Abyss:2  | Found a shimmering altar of Xom.
 18419 | Abyss:2  | XOM: silly message
 18425 | Abyss:2  | XOM: confuse monster(s)
 18445 | Abyss:2  | Noticed a tentacled starspawn
 18454 | Abyss:2  | XOM: mild Chrm miscast
 18487 | Abyss:2  | Found a corrupted altar of Lugonu.
 18493 | Abyss:2  | Fell from the grace of Xom
 18493 | Abyss:2  | Became a worshipper of Lugonu the Unformed
 18493 | Abyss:2  | Reached * piety under Lugonu
 18496 | Lair:4   | Escaped the Abyss
 18716 | Lair:5   | Reached skill level 1 in Invocations
 18976 | Lair:5   | Killed Urug
 18979 | Lair:5   | Reached XP level 15. HP: 69/135 MP: 15/18
 19002 | Lair:5   | XOM: give mutation
 19002 | Lair:5   | Lost mutation: Your flesh is cold resistant. (rC+) [Xom's mischief]
 19041 | Lair:5   | XOM: give mutations
 19041 | Lair:5   | Lost mutation: You have a pair of large horns on your head. [Xom's mischief]
 19041 | Lair:5   | Lost mutation: You are very robust. (+20% HP) [Xom's mischief]
 19041 | Lair:5   | Lost mutation: You have supernaturally acute eyesight. (SInv) [Xom's mischief]
 19665 | Lair:5   | XOM: severe Necr miscast
 20210 | Lair:6   | XOM: noise
 20210 | Lair:6   | Entered Level 6 of the Lair of Beasts
 20302 | Lair:6   | XOM: give mutations
 20302 | Lair:6   | Lost mutation: You evolve. [Xom's mischief]
 20302 | Lair:6   | Gained mutation: You are weak. (Str -2) [Xom's mischief]
 20475 | Lair:6   | Reached skill level 5 in Invocations
 20558 | Lair:6   | Reached ** piety under Lugonu
 21128 | Lair:6   | XOM: medium Erth miscast
 21364 | Lair:6   | Found a viscous altar of Jiyva.
 21365 | Lair:6   | Found a staircase to the Slime Pits.
 21655 | Lair:6   | Reached *** piety under Lugonu
 22047 | Lair:6   | XOM: medium Pois miscast
 22291 | Lair:6   | XOM: medium Ice miscast
 22621 | Lair:6   | XOM: medium Air miscast
 22991 | Lair:3   | Killed ad3pt's ghost
 23084 | Lair:3   | XOM: noise
 23111 | Lair:3   | XOM: mild Conj miscast
 23417 | D:8      | Killed Gastronok
 23701 | D:8      | Reached **** piety under Lugonu
 24110 | D:11     | Paralysed by a hornet for 1 turns
 24486 | D:11     | XOM: medium Ice miscast
 25102 | D:11     | XOM: medium Hex miscast
 25211 | D:11     | Reached ***** piety under Lugonu
 25490 | D:11     | XOM: mild Erth miscast
 27086 | D:12     | Reached XP level 16. HP: 150/159 MP: 21/21
 27357 | D:12     | Killed Rupert
 28370 | D:13     | XOM: summons 14 hostile demons
 28596 | D:13     | XOM: summons 1 hostile demon
 29164 | D:13     | Upgraded the game from 0.20.0-7-g3b7b877 to 0.20.0-10-g0535bb4
 29463 | D:14     | XOM: mild Summ miscast
 29471 | D:14     | Found a runed door.
 30087 | D:14     | Killed from afar by a wizard

Skill      XL: |  1  2  3  4  5  6  7  8  9 10 11 12 13 14 15 16 |
---------------+-------------------------------------------------+-----
Polearms       | 3 4 5 6 7 9 10 12 | 12.0
Fighting       | 7 8 10 11 12 13 | 13.0
Evocations     | 4 5 |  5.0
Bows           | 7 14 | 14.0
Dodging        | 1 4 5 6 8 9 |  9.1
Armour         | 5 6 8 9 |  9.0
Invocations    | 4 7 9 |  9.2

Action                   |  1- 3 |  4- 6 |  7- 9 | 10-12 | 13-15 | 16-18 || total
-------------------------+-------+-------+-------+-------+-------+-------++-------
Melee: Spear             |   197 |   207 |   478 |  1102 |   334 |   325 ||  2643
       Kick              |    20 |    28 |   103 |   292 |    86 |    74 ||   603
       Headbutt          |       |    16 |    78 |   201 |    54 |    60 ||   409
 Fire: Shortbow          |       |       |       |   125 |  1766 |   315 ||  2206
Invok: Depart the Abyss  |       |       |       |       |     1 |       ||     1
Evoke: Wand              |       |       |       |     3 |     5 |     3 ||    11
  Use: Scroll            |       |     8 |     9 |    13 |     4 |     1 ||    35
       Potion            |       |       |       |     1 |     3 |       ||     4
 Stab: Invisible         |       |       |     5 |     7 |     4 |       ||    16
       Sleeping          |       |       |     7 |     2 |       |       ||     9
       Distracted        |       |       |     2 |     3 |       |       ||     5
       Confused          |       |       |       |     2 |       |       ||     2
  Eat: Chunk             |     2 |     5 |    20 |    25 |    27 |     5 ||    84
       Royal jelly       |       |       |       |       |     1 |       ||     1
       Bread ration      |       |       |       |       |       |     1 ||     1
Armor: Leather armour    |    63 |    46 |   106 |   266 |   112 |       ||   593
       Chain mail        |       |       |     3 |       |       |       ||     3
       Robe              |       |       |       |       |   248 |   135 ||   383
Dodge: Dodged            |    57 |    38 |    75 |   255 |   540 |   220 ||  1185
